 Dungeon Crawl Stone Soup version 0.29.1-2-gbd0b4ee654 (webtiles) character file.

Game seed: 4811246014580267501

97 croobank the Ducker (level 4, -5/32 HPs)
             Began as a Demonspawn Wanderer on Nov 11, 2022.
             Splashed by a jelly's acid (7 damage)
             ... on level 2 of the Dungeon.
             The game lasted 00:09:10 (3413 turns).

croobank the Ducker (Demonspawn Wanderer)           Turns: 3413, Time: 00:09:10

Health: -5/32      AC: -11   Str:  8 (10) XL:     4   Next: 42%
Magic:  5/5        EV: 13    Int: 14 (17) God:
Gold:   92         SH:  0    Dex: 15      Spells: 5/5 levels left

rFire   + . .      SeeInvis .   j - +1 short sword
rCold   . . .      Faith    .   (no shield)
rNeg    . . .      Spirit   .   f - +0 leather armour {rF+}
rPois   .          Reflect  .   (no helmet)
rElec   .          Harm     .   m - +0 cloak
rCorr   .          Rampage  .   (no gloves)
Will    .....                   (no boots)
Stlth   ++........              (no amulet)
HPRegen 0.10/turn               (no ring)
MPRegen 0.18/turn               (no ring)

@: corroded
A: magic regeneration, demonic magic 1, hooves 1, clever 1, wild magic 1,
MP-powered wands
a: no special abilities


You were on level 2 of the Dungeon.
You visited 1 branch of the dungeon, and saw 2 of its levels.

You collected 92 gold pieces.

Inventory:

Hand Weapons
 a - a +0 hand axe
 b - a +0 sling
 i - a +0 whip
 j - a +1 short sword (weapon)
Missiles
 c - 3 poisoned darts (quivered)
Armour
 f - a +0 leather armour of fire resistance (worn)
 m - a +0 cloak (worn)
Jewellery
 g - a +6 ring of strength
Scrolls
 l - a scroll of blinking {unknown}
Potions
 e - a potion of flight
Miscellaneous
 d - a piece from Xom's chessboard (12/15)


   Skills:
 + Level 1.1 Fighting
 + Level 1.8 Ranged Weapons
 + Level 2.2 Armour
 + Level 4.8 Dodging
 + Level 1.6 Stealth
 + Level 1.0 Spellcasting
 + Level 1.8 Evocations


You had 5 spell levels left.
You didn't know any spells.
Your spell library contained the following spells:

 Spells                   Type           Power      Damage    Failure   Level
 Ensorcelled Hibernation  Hex/Ice        0%         N/A       58%         2
 Passwall                 Tmut/Erth      0%         N/A       58%         2
 Summon Guardian Golem    Hex/Summ       0%         N/A       80%         3
 Swiftness                Air            0%         N/A       80%         3
 Orb of Destruction       Conj           0%         9d5       100%        7
 Spellforged Servitor     Conj/Summ      0%         N/A       100%        7


Dungeon Overview and Level Annotations

Branches:
Dungeon (2/15)

Altars:


Innate Abilities, Weirdness & Mutations

You regenerate magic rapidly.
Spells you cast may paralyse adjacent enemies.
You have large cloven feet.
Your mind is acute. (Int +4, Str/Dex -1)
Your spells are a little harder to cast, but a little more powerful.
You expend magic power (3 MP) to strengthen your wands.


Message History

The jelly struggles against the net.
The net rips apart, and the jelly comes free!
Throw: throwing net
Press: ? - help, Q - select action, (/) - cycle Shift-Dir - straight line, f/p - jelly
Aim: a jelly (severely wounded, 89% to hit)
You throw a throwing net. The throwing net hits the jelly.
The jelly is caught in the net!
The jelly is severely wounded.
A nearby fungus withers and dies.
The jelly struggles against the net.
You hit the jelly but do no damage.
Your hands burn!
* * * LOW HITPOINT WARNING * * *
You kick the jelly, but do no damage.
The jelly is severely wounded.
A nearby fungus withers and dies.
The jelly struggles against the net.
You hit the jelly. The acid corrodes you!
Your hands burn!
* * * LOW HITPOINT WARNING * * *
The jelly is almost dead.
The jelly struggles against the net.
You hit the jelly but do no damage. The acid corrodes you!
Your hands burn!
* * * LOW HITPOINT WARNING * * *
You kick the jelly, but do no damage.
The jelly is almost dead.
The jelly struggles against the net.
The jelly struggles against the net.
The jelly struggles against the net.
The net rips apart, and the jelly comes free!
There is an open door here.
You close the door.
You hear a slurping noise.
The jelly eats the door!
Things that are here:
a +0 dagger; a stone; a kobold corpse
Okay, then.
As you read the scroll labelled HAL FUHITH, it crumbles to dust.
It is a scroll of enchant weapon.
Your +0 short sword glows red for a moment.
The jelly hits you.
* * * LOW HITPOINT WARNING * * *
The acid corrodes you!
You are splashed with acid!
You die...

J.#### #.#.# # ÷.# #.#.# #
#######J# #.#.# #
##..J.JJ# #####.#.# #
#J######## #.....#.# # #
##..J....# #.......# #
##.# ####....########### #
##.####### #...J...##.###
# ..S..##..
#..)@...##...########
##.#÷##.#
#......)##...........
...#.##.##
#...)...##.#.########
####.#...#####.....## #.#
####.......####...## #.#
...).....#..###'''## #.#.#
.###.#...#..##.....# #.#.#
.###.#..##..###..#####>#.#
.....#.###.......(.....#)#


You could see a jelly and an endoplasm.

Vanquished Creatures
  3 adders (D:2)
  A worm (D:2)
  3 dart slugs
  2 ball pythons (D:1)
  4 bats (D:1)
  6 endoplasms
  3 giant cockroaches (D:1)
  8 goblins
  2 hobgoblins (D:1)
  11 kobolds
  5 quokkas
  A frilled lizard (D:1)
  5 rats
54 creatures vanquished.

Vanquished Creatures (others)
  4 fungi (D:2)
  5 toadstools (D:2)
9 creatures vanquished.

Grand Total: 63 creatures vanquished

Notes
Turn   | Place    | Note
-------+----------+-------------------------------------------
     0 | D:1      | croobank the Demonspawn Wanderer began the quest for the
                  | Orb.
     0 | D:1      | croobank set off with the following items: a +0 sling, 2
                  | throwing nets, a +0 leather armour, a piece from Xom's
                  | chessboard (15/15), a potion of berserk rage.
     0 | D:1      | Reached XP level 1. HP: 13/13 MP: 1/1
   145 | D:1      | Gained mutation: Spells you cast may paralyse adjacent
                  | enemies. [demonic ancestry]
   145 | D:1      | Reached XP level 2. HP: 19/19 MP: 2/2
   945 | D:1      | Found a faded altar of an unknown god.
  1088 | D:1      | Gained mutation: Your mind is acute. (Int +4, Str/Dex -1)
                  | [potion of mutation]
  1088 | D:1      | Gained mutation: Your spells are a little harder to cast,
                  | but a little more powerful. [potion of mutation]
  1088 | D:1      | Gained mutation: You have large cloven feet. [potion of
                  | mutation]
  1088 | D:1      | Gained mutation: You expend magic power (3 MP) to
                  | strengthen your wands. [potion of mutation]
  1486 | D:1      | Reached XP level 3. HP: 23/25 MP: 3/3
  2804 | D:2      | Gained mutation: You regenerate magic rapidly. [demonic
                  | ancestry]
  2804 | D:2      | Reached XP level 4. HP: 20/31 MP: 5/5
  3354 | D:2      | Reached skill level 1 in Fighting
  3357 | D:2      | Reached skill level 1 in Spellcasting
  3413 | D:2      | Splashed by a jelly's acid

Illustrated notes

Levels and vault maps discovered:
D:1:      minmay_arrival_hallway, layout_basic,
          hellmonk_ecumenical_altar_arch_garden
D:2:      cheibrodos_fertilizer, layout_loops_ring

Skill      XL: |  1  2  3  4 |
---------------+-------------+-----
Armour         | 2 |  2.2
Fighting       | 1 |  1.1
Spellcasting   | 1 |  1.0
Ranged Weapons | |  1.8
Dodging        | |  4.8
Stealth        | |  1.6
Evocations     | |  1.8

Action                   |  1- 3 |  4- 6 || total
-------------------------+-------+-------++-------
Melee: Hand axe          |   126 |    38 ||   164
       Kick              |    20 |    14 ||    34
       Short sword       |       |    11 ||    11
 Fire: Sling             |    34 |    28 ||    62
Throw: Throwing net      |       |     2 ||     2
Evoke: Piece from Xom's  |       |     3 ||     3
  Use: Potion            |     7 |     1 ||     8
       Scroll            |     2 |     1 ||     3
 Stab: Sleeping          |     1 |     1 ||     2
Armor: Leather armour    |    62 |    12 ||    74
Dodge: Dodged            |   156 |    31 ||   187
